[Event "21st Maccabiah GM 2022"]
[Site "?"]
[Date "2022.07.13"]
[Round "1.1"]
[White "Ginsburg, Gennadi"]
[Black "Dvoirys, Semen I."]
[Result "1/2-1/2"]
[ECO "D70"]
[WhiteElo "2400"]
[BlackElo "2439"]
[Annotator "ChessBase"]
[PlyCount "58"]
[EventDate "2022.07.13"]
[EventType "tourn"]
[EventCountry "ISR"]
[SourceTitle "playchess.com"]
[Source "ChessBase"]
[SourceQuality "1"]
[TimeControl "40/5400+30:1800+30"]

1. d4 Nf6 2. Nf3 g6 3. c4 Bg7 4. e3 d5 5. cxd5 Nxd5 6. Be2 O-O 7. O-O Nb6 8. e4 Bg4 9. Nbd2 e6 10. h3 Bxf3 11. Nxf3 c5 12. Bg5 Qd7 13. dxc5 Na4 14. Qc2 Rc8 15. Rad1 Qe8 16. b4 a5 17. a3 axb4 18. axb4 Nc3 19. Rd2 Ra2 20. Qd3 Na6 21. e5 Ra3 22. Rb2 Qa4 23. Bd1 Nxd1 24. Qxd1 Nxb4 25. Qxa4 Rxa4 26. Rfb1 Nd3 27. Rxb7 Nxc5 28. Rb8 Ra8 29. Rxc8+ Rxc8 1/2-1/2

[Event "21st Maccabiah GM 2022"]
[Site "?"]
[Date "2022.07.13"]
[Round "1.2"]
[White "Yarmonov, Igor"]
[Black "Postny, Evgeny"]
[Result "0-1"]
[ECO "E32"]
[WhiteElo "2372"]
[BlackElo "2564"]
[Annotator "ChessBase"]
[PlyCount "115"]
[EventDate "2022.07.13"]
[EventType "tourn"]
[EventCountry "ISR"]
[SourceTitle "playchess.com"]
[Source "ChessBase"]
[SourceQuality "1"]
[TimeControl "40/5400+30:1800+30"]

1. d4 Nf6 2. c4 e6 3. Nc3 Bb4 4. Qc2 O-O 5. a3 Bxc3+ 6. Qxc3 b6 7. Nf3 Bb7 8. e3 d6 9. Be2 Nbd7 10. O-O Ne4 11. Qc2 f5 12. Ne1 Qe7 13. f3 Nef6 14. Nd3 e5 15. Nf2 f4 16. dxe5 fxe3 17. exf6 exf2+ 18. Rxf2 Qxf6 19. Bd3 Qh4 20. Bd2 Ne5 21. Raf1 Rae8 22. b3 Re6 23. Bc3 Qh5 24. Bxe5 Rxe5 25. f4 Re7 26. b4 c5 27. Re2 Rfe8 28. Rfe1 Rxe2 29. Rxe2 Rxe2 30. Bxe2 Qe8 31. Kf2 Qe7 32. bxc5 Qh4+ 33. Ke3 dxc5 34. Qf5 Bxg2 35. Qd7 Qh3+ 36. Qxh3 Bxh3 37. Ke4 Kf7 38. Kd5 Bg2+ 39. Kd6 Kf6 40. Kc7 Kf5 41. Kb8 a5 42. Ka7 Kxf4 43. Kxb6 Ke3 44. Bd1 Kd4 45. Kxa5 Kxc4 46. Kb6 Kd4 47. a4 c4 48. a5 Kd3 49. Kc5 c3 50. a6 c2 51. Bxc2+ Kxc2 52. Kd6 g6 53. Ke5 h5 54. Kf6 Be4 55. Ke5 Kd3 56. Kf4 Kd4 57. a7 Kd3 58. Kg5 0-1

[Event "21st Maccabiah GM 2022"]
[Site "?"]
[Date "2022.07.13"]
[Round "1.3"]
[White "Parkhov, Yair"]
[Black "Gruenfeld, Yehuda"]
[Result "1-0"]
[ECO "E32"]
[WhiteElo "2468"]
[BlackElo "2426"]
[Annotator "ChessBase"]
[PlyCount "97"]
[EventDate "2022.07.13"]
[EventType "tourn"]
[EventCountry "ISR"]
[SourceTitle "playchess.com"]
[Source "ChessBase"]
[SourceQuality "1"]
[TimeControl "40/5400+30:1800+30"]

1. d4 Nf6 2. c4 e6 3. Nc3 Bb4 4. Qc2 O-O 5. e4 d6 6. e5 dxe5 7. dxe5 Ng4 8. Nf3 Nc6 9. Bf4 f6 10. Bd3 Ngxe5 11. Nxe5 Nxe5 12. Bxe5 fxe5 13. Bxh7+ Kh8 14. O-O Bd7 15. Rad1 Rf4 16. Ne2 Rh4 17. Be4 Qe8 18. Bxb7 Rb8 19. Be4 Bc6 20. Bxc6 Qxc6 21. b3 Rf8 22. Qg6 Bc5 23. Qg5 Qe4 24. Rd8 Rg4 25. Rxf8+ Bxf8 26. Ng3 Qd4 27. Qh5+ Kg8 28. Qe8 Qd6 29. f3 Rd4 30. Ne4 Qd7 31. Qxd7 Rxd7 32. Kf2 Ba3 33. Rb1 c6 34. Ke2 Be7 35. Rd1 Rb7 36. Kd3 a5 37. Kc2 Kf8 38. h4 a4 39. h5 axb3+ 40. axb3 Ra7 41. Kb2 Ba3+ 42. Kb1 Ke7 43. Rd2 Rb7 44. Kc2 Bb4 45. Rd1 Ra7 46. Kb2 Ba3+ 47. Kc3 Ra8 48. b4 Rb8 49. Rb1 1-0

[Event "21st Maccabiah GM 2022"]
[Site "?"]
[Date "2022.07.13"]
[Round "1.4"]
[White "Tzidkiya, Yeshaayahu"]
[Black "Alekseev, Evgeny"]
[Result "1-0"]
[ECO "C90"]
[WhiteElo "2419"]
[BlackElo "2601"]
[Annotator "ChessBase"]
[PlyCount "81"]
[EventDate "2022.07.13"]
[EventType "tourn"]
[EventCountry "ISR"]
[SourceTitle "playchess.com"]
[Source "ChessBase"]
[SourceQuality "1"]
[TimeControl "40/5400+30:1800+30"]

1. e4 e5 2. Nf3 Nc6 3. Bb5 a6 4. Ba4 Nf6 5. d3 d6 6. c3 Be7 7. O-O O-O 8. Re1 Re8 9. Nbd2 Bf8 10. Nf1 h6 11. Ng3 b5 12. Bb3 Nb8 13. d4 Nbd7 14. a4 Bb7 15. Bc2 c5 16. d5 c4 17. h3 Nc5 18. Be3 Qc7 19. Nh4 Reb8 20. Qf3 Qd8 21. Nh5 Nxh5 22. Qxh5 g6 23. Qg4 Bc8 24. Qg3 Nxa4 25. f4 Bg7 26. Rf1 Nxb2 27. Ra2 Nd3 28. Bxd3 cxd3 29. f5 g5 30. f6 Bxf6 31. Raf2 Bg7 32. Rxf7 Rb7 33. Rxb7 Bxb7 34. Nf5 Bc8 35. h4 Bxf5 36. hxg5 Bxe4 37. gxh6 Qd7 38. Rf6 Rc8 39. Rxd6 Qb7 40. Qg4 d2 41. Bxd2 1-0

[Event "21st Maccabiah GM 2022"]
[Site "?"]
[Date "2022.07.13"]
[Round "1.5"]
[White "Smirin, Ilia"]
[Black "Kobo, Ori"]
[Result "1-0"]
[ECO "B40"]
[WhiteElo "2601"]
[BlackElo "2534"]
[Annotator "ChessBase"]
[PlyCount "71"]
[EventDate "2022.07.13"]
[EventType "tourn"]
[EventCountry "ISR"]
[SourceTitle "playchess.com"]
[Source "ChessBase"]
[SourceQuality "1"]
[TimeControl "40/5400+30:1800+30"]

1. e4 c5 2. Nf3 e6 3. b3 Nc6 4. Bb2 a6 5. c4 Nf6 6. e5 Ng4 7. h3 Nh6 8. g4 d6 9. Bg2 Nb4 10. d3 dxe5 11. Nxe5 Bd6 12. O-O f6 13. a3 Bxe5 14. Bxe5 Nc6 15. Bf4 Nf7 16. Nc3 Nfe5 17. Ne4 b6 18. Bxe5 Nxe5 19. Nxf6+ Qxf6 20. Bxa8 O-O 21. Be4 Qh4 22. Kg2 Rf4 23. f3 h5 24. Qe1 Qf6 25. Qe3 Bd7 26. Rae1 Nf7 27. b4 cxb4 28. axb4 Ng5 29. Qxb6 Nxh3 30. Kxh3 hxg4+ 31. Kg3 Qg5 32. Qb8+ Rf8 33. Bh7+ Kxh7 34. Qxf8 gxf3+ 35. Kxf3 Bc6+ 36. Re4 1-0

[Event "21st Maccabiah GM 2022"]
[Site "?"]
[Date "2022.07.14"]
[Round "2.1"]
[White "Dvoirys, Semen I."]
[Black "Kobo, Ori"]
[Result "0-1"]
[ECO "B69"]
[WhiteElo "2439"]
[BlackElo "2534"]
[Annotator "ChessBase"]
[PlyCount "50"]
[EventDate "2022.07.13"]
[EventType "tourn"]
[EventCountry "ISR"]
[SourceTitle "playchess.com"]
[Source "ChessBase"]
[SourceQuality "1"]
[TimeControl "40/5400+30:1800+30"]

1. e4 c5 2. Nf3 d6 3. Nc3 Nc6 4. d4 cxd4 5. Nxd4 Nf6 6. Bg5 e6 7. Qd2 a6 8. O-O-O Bd7 9. f4 Be7 10. Nf3 b5 11. Bxf6 gxf6 12. f5 Qb6 13. Kb1 O-O-O 14. fxe6 fxe6 15. g3 Kb8 16. Bh3 Na5 17. Nd4 b4 18. Nce2 e5 19. Bxd7 Rxd7 20. Nf5 Nc4 21. Qd5 Rc8 22. Rhf1 a5 23. a4 bxa3 24. b3 a4 25. Rf3 a2+ 0-1

[Event "21st Maccabiah GM 2022"]
[Site "?"]
[Date "2022.07.14"]
[Round "2.2"]
[White "Alekseev, Evgeny"]
[Black "Smirin, Ilia"]
[Result "1/2-1/2"]
[ECO "B42"]
[WhiteElo "2601"]
[BlackElo "2601"]
[Annotator "ChessBase"]
[PlyCount "29"]
[EventDate "2022.07.13"]
[EventType "tourn"]
[EventCountry "ISR"]
[SourceTitle "playchess.com"]
[Source "ChessBase"]
[SourceQuality "1"]
[TimeControl "40/5400+30:1800+30"]

1. e4 c5 2. Nf3 e6 3. d4 cxd4 4. Nxd4 a6 5. Bd3 Bc5 6. Nb3 Ba7 7. O-O Nc6 8. Qe2 d6 9. Be3 e5 10. c4 Nf6 11. Bxa7 Rxa7 12. Nc3 Be6 13. Rfd1 b6 14. Qe3 Nd7 15. Bf1 1/2-1/2

[Event "21st Maccabiah GM 2022"]
[Site "?"]
[Date "2022.07.14"]
[Round "2.3"]
[White "Gruenfeld, Yehuda"]
[Black "Tzidkiya, Yeshaayahu"]
[Result "1/2-1/2"]
[ECO "B33"]
[WhiteElo "2426"]
[BlackElo "2419"]
[Annotator "ChessBase"]
[PlyCount "92"]
[EventDate "2022.07.13"]
[EventType "tourn"]
[EventCountry "ISR"]
[SourceTitle "playchess.com"]
[Source "ChessBase"]
[SourceQuality "1"]
[TimeControl "40/5400+30:1800+30"]

1. e4 c5 2. Nf3 Nc6 3. d4 cxd4 4. Nxd4 Nf6 5. Nc3 e5 6. Ndb5 d6 7. Bg5 a6 8. Na3 b5 9. Nd5 Be7 10. Bxf6 Bxf6 11. c3 O-O 12. Nc2 Rb8 13. h4 g6 14. g3 Be6 15. Nce3 Bg7 16. h5 Ne7 17. Bg2 a5 18. a3 Nxd5 19. Nxd5 Qg5 20. hxg6 fxg6 21. Qd3 h5 22. Bh3 Bxd5 23. exd5 Rf6 24. Be6+ Kh8 25. O-O Rbf8 26. Rae1 Bh6 27. Re4 Rf3 28. Qe2 Qf6 29. Kg2 Kg7 30. Kg1 Bg5 31. Bh3 h4 32. Bg4 Rf5 33. f4 hxg3 34. Bxf5 gxf5 35. fxg5 Qxg5 36. Qf3 f4 37. b4 Rh8 38. Re2 Rh4 39. Rg2 Qe7 40. Re1 axb4 41. axb4 Qa7+ 42. Kf1 Rh1+ 43. Ke2 Qa2+ 44. Kd3 Qc4+ 45. Kd2 Qa2+ 46. Kd3 Qc4+ 1/2-1/2

[Event "21st Maccabiah GM 2022"]
[Site "?"]
[Date "2022.07.14"]
[Round "2.4"]
[White "Postny, Evgeny"]
[Black "Parkhov, Yair"]
[Result "1/2-1/2"]
[ECO "A13"]
[WhiteElo "2564"]
[BlackElo "2468"]
[Annotator "ChessBase"]
[PlyCount "83"]
[EventDate "2022.07.13"]
[EventType "tourn"]
[EventCountry "ISR"]
[SourceTitle "playchess.com"]
[Source "ChessBase"]
[SourceQuality "1"]
[TimeControl "40/5400+30:1800+30"]

1. c4 e6 2. g3 d5 3. Bg2 d4 4. Nf3 Nc6 5. O-O Nf6 6. e3 e5 7. Re1 Be7 8. d3 dxe3 9. Bxe3 O-O 10. Nc3 Be6 11. d4 exd4 12. Nxd4 Nxd4 13. Qxd4 Qxd4 14. Bxd4 c6 15. Bh3 Bxh3 16. Rxe7 Nd7 17. Rae1 c5 18. Be5 Rfe8 19. Bd6 Rxe7 20. Rxe7 b6 21. f3 Be6 22. b3 a6 23. a4 h6 24. Kf2 Rd8 25. Bc7 Rc8 26. Nd5 Bxd5 27. Rxd7 Bc6 28. Rd8+ Rxd8 29. Bxd8 b5 30. a5 f5 31. Bb6 Kf7 32. Bxc5 g5 33. Ke3 bxc4 34. bxc4 Ke6 35. Bf8 h5 36. Bh6 g4 37. f4 Bg2 38. Kd4 Bf1 39. Bf8 Be2 40. Ba3 Bf1 41. Kc5 Be2 42. Bb2 1/2-1/2

[Event "21st Maccabiah GM 2022"]
[Site "?"]
[Date "2022.07.14"]
[Round "2.5"]
[White "Ginsburg, Gennadi"]
[Black "Yarmonov, Igor"]
[Result "1/2-1/2"]
[ECO "C77"]
[WhiteElo "2400"]
[BlackElo "2372"]
[Annotator "ChessBase"]
[PlyCount "75"]
[EventDate "2022.07.13"]
[EventType "tourn"]
[EventCountry "ISR"]
[SourceTitle "playchess.com"]
[Source "ChessBase"]
[SourceQuality "1"]
[TimeControl "40/5400+30:1800+30"]

1. e4 e5 2. Nf3 Nc6 3. Bb5 a6 4. Ba4 Nf6 5. d3 d6 6. c3 Be7 7. Nbd2 O-O 8. O-O b5 9. Bc2 Re8 10. Re1 Bf8 11. a4 Bd7 12. Nf1 h6 13. h3 g6 14. Ne3 Rb8 15. Nh2 b4 16. Nhg4 Nxg4 17. hxg4 bxc3 18. bxc3 Bg7 19. g3 Be6 20. Kg2 Na5 21. c4 Nc6 22. a5 Nd4 23. Ba4 c6 24. Bd2 Qc8 25. Rh1 Re7 26. Bc3 Reb7 27. Ra2 Bd7 28. f3 Ne6 29. Qc1 Nc5 30. Bc2 Be6 31. Qd1 Qf8 32. d4 exd4 33. Bxd4 Rd7 34. Qd2 Bxd4 35. Qxd4 f6 36. Kf2 Kf7 37. Ba4 Nxa4 38. Rxa4 1/2-1/2

[Event "21st Maccabiah GM 2022"]
[Site "?"]
[Date "2022.07.15"]
[Round "3.1"]
[White "Yarmonov, Igor"]
[Black "Dvoirys, Semen I."]
[Result "0-1"]
[ECO "D82"]
[WhiteElo "2372"]
[BlackElo "2439"]
[Annotator "ChessBase"]
[PlyCount "80"]
[EventDate "2022.07.13"]
[EventType "tourn"]
[EventCountry "ISR"]
[SourceTitle "playchess.com"]
[Source "ChessBase"]
[SourceQuality "1"]
[TimeControl "40/5400+30:1800+30"]

1. d4 Nf6 2. c4 g6 3. Nc3 d5 4. Bf4 Bg7 5. e3 c5 6. cxd5 Nxd5 7. Bxb8 Rxb8 8. Qa4+ Bd7 9. Bb5 Nxc3 10. bxc3 a6 11. Bxd7+ Qxd7 12. Qxd7+ Kxd7 13. Kd2 e5 14. dxe5 Bxe5 15. Nf3 Bg7 16. Kc2 b5 17. Rad1+ Kc6 18. Rd2 Rhd8 19. Rhd1 Rxd2+ 20. Rxd2 h6 21. e4 Re8 22. Re2 a5 23. Nd2 f5 24. Re3 f4 25. Rf3 g5 26. h4 b4 27. cxb4 axb4 28. hxg5 hxg5 29. Rh3 Bc3 30. Nc4 Rxe4 31. Kb3 Kd5 32. Nb6+ Kd4 33. Rh5 Kd3 34. Rxg5 c4+ 35. Nxc4 Rxc4 36. g3 Rc8 37. gxf4 Ra8 38. Rg3+ Ke4 39. a4 bxa3 40. Ka2 Bb2 0-1

[Event "21st Maccabiah GM 2022"]
[Site "?"]
[Date "2022.07.15"]
[Round "3.2"]
[White "Parkhov, Yair"]
[Black "Ginsburg, Gennadi"]
[Result "1/2-1/2"]
[ECO "B42"]
[WhiteElo "2468"]
[BlackElo "2400"]
[Annotator "ChessBase"]
[PlyCount "90"]
[EventDate "2022.07.13"]
[EventType "tourn"]
[EventCountry "ISR"]
[SourceTitle "playchess.com"]
[Source "ChessBase"]
[SourceQuality "1"]
[TimeControl "40/5400+30:1800+30"]

1. e4 c5 2. Nf3 e6 3. d4 cxd4 4. Nxd4 a6 5. Bd3 Bc5 6. Nb3 Ba7 7. Qe2 Ne7 8. Be3 Nbc6 9. O-O O-O 10. N1d2 d5 11. Bxa7 Rxa7 12. e5 Ng6 13. f4 a5 14. Qf2 b6 15. Bb5 Bd7 16. a4 f6 17. exf6 Rxf6 18. Qe3 Qb8 19. g3 Nce7 20. Nd4 Bxb5 21. axb5 Nf8 22. c3 h6 23. N2f3 Rc7 24. Ne5 Nf5 25. Nxf5 exf5 26. Nc6 Qb7 27. b4 axb4 28. Ra7 Qxa7 29. Nxa7 Rxa7 30. Qd4 bxc3 31. Qxd5+ Kh7 32. Qc4 Ne6 33. Qxc3 Ra5 34. Qe5 Nc5 35. Rd1 Rxb5 36. Rd8 Nb7 37. Qxb5 Nxd8 38. h3 Ne6 39. Qe5 Nc5 40. Kg2 Nd3 41. Qd5 Nc5 42. Kf3 Ne6 43. Ke3 Nc5 44. g4 fxg4 45. hxg4 Ne6 1/2-1/2

[Event "21st Maccabiah GM 2022"]
[Site "?"]
[Date "2022.07.15"]
[Round "3.3"]
[White "Tzidkiya, Yeshaayahu"]
[Black "Postny, Evgeny"]
[Result "1/2-1/2"]
[ECO "B12"]
[WhiteElo "2419"]
[BlackElo "2564"]
[Annotator "ChessBase"]
[PlyCount "84"]
[EventDate "2022.07.13"]
[EventType "tourn"]
[EventCountry "ISR"]
[SourceTitle "playchess.com"]
[Source "ChessBase"]
[SourceQuality "1"]
[TimeControl "40/5400+30:1800+30"]

1. e4 c6 2. d4 d5 3. e5 Bf5 4. c4 e6 5. Nc3 Ne7 6. h3 Nd7 7. Nf3 dxc4 8. Bxc4 Nb6 9. Bb3 Ned5 10. O-O Be7 11. Qe2 O-O 12. Ne4 Rc8 13. a4 Nd7 14. a5 c5 15. Rd1 cxd4 16. Nxd4 Bxe4 17. Qxe4 Nc5 18. Qg4 Nxb3 19. Bh6 g6 20. Nxb3 Re8 21. Nd2 Qc7 22. Nf3 Qc4 23. a6 bxa6 24. Qxc4 Rxc4 25. Rxa6 Bc5 26. b3 Rc2 27. Rd2 Rxd2 28. Nxd2 Rb8 29. Rc6 Bf8 30. Bxf8 Kxf8 31. Ra6 Rb7 32. Ne4 Nb4 33. Rd6 Ke7 34. Nf6 h5 35. Ng8+ Ke8 36. Nf6+ Ke7 37. f4 h4 38. Ng8+ Ke8 39. Nf6+ Ke7 40. Kf2 Nd5 41. Nxd5+ exd5 42. Rxd5 Rxb3 1/2-1/2

[Event "21st Maccabiah GM 2022"]
[Site "?"]
[Date "2022.07.15"]
[Round "3.4"]
[White "Smirin, Ilia"]
[Black "Gruenfeld, Yehuda"]
[Result "0-1"]
[ECO "B93"]
[WhiteElo "2601"]
[BlackElo "2426"]
[Annotator "ChessBase"]
[PlyCount "87"]
[EventDate "2022.07.13"]
[EventType "tourn"]
[EventCountry "ISR"]
[SourceTitle "playchess.com"]
[Source "ChessBase"]
[SourceQuality "1"]
[TimeControl "40/5400+30:1800+30"]

1. e4 c5 2. Nc3 d6 3. f4 Nc6 4. Nf3 a6 5. d4 cxd4 6. Nxd4 Nf6 7. Nxc6 bxc6 8. e5 Nd7 9. Bc4 Nb6 10. Bd3 g6 11. Qf3 dxe5 12. fxe5 Nd5 13. O-O Be6 14. Ne4 Bg7 15. Ng5 O-O 16. Qg3 Qd7 17. Bd2 h6 18. Nxe6 Qxe6 19. Rae1 Nb6 20. b3 c5 21. c4 a5 22. a4 Ra6 23. Bxh6 Bxh6 24. Bf5 Qc6 25. e6 Qd6 26. Re5 Kh7 27. Bc2 f5 28. Rd1 Qc7 29. h4 Raa8 30. h5 Rf6 31. Rde1 Rd8 32. Qf3 Rd4 33. hxg6+ Kg7 34. Bxf5 Qd6 35. g4 Rd2 36. Qh3 Qd4+ 37. Kh1 Rf8 38. Qh4 Nc8 39. R5e4 Qd6 40. g5 Rh8 41. Rg1 Bxg5 42. Qxh8+ Kxh8 43. Rh4+ Kg8 44. g7 0-1

[Event "21st Maccabiah GM 2022"]
[Site "?"]
[Date "2022.07.15"]
[Round "3.5"]
[White "Kobo, Ori"]
[Black "Alekseev, Evgeny"]
[Result "1/2-1/2"]
[ECO "D36"]
[WhiteElo "2534"]
[BlackElo "2601"]
[Annotator "ChessBase"]
[PlyCount "29"]
[EventDate "2022.07.13"]
[EventType "tourn"]
[EventCountry "ISR"]
[SourceTitle "playchess.com"]
[Source "ChessBase"]
[SourceQuality "1"]
[TimeControl "40/5400+30:1800+30"]

1. d4 Nf6 2. c4 e6 3. Nc3 d5 4. cxd5 exd5 5. Bg5 c6 6. Qc2 Be7 7. e3 Nbd7 8. Bd3 Nh5 9. Bxe7 Qxe7 10. O-O-O Nb6 11. h3 g6 12. Nf3 Be6 13. Kb1 O-O-O 14. Na4 Ng7 15. Nc5 1/2-1/2

[Event "21st Maccabiah GM 2022"]
[Site "?"]
[Date "2022.07.17"]
[Round "4.1"]
[White "Dvoirys, Semen I."]
[Black "Alekseev, Evgeny"]
[Result "1/2-1/2"]
[ECO "B48"]
[WhiteElo "2439"]
[BlackElo "2601"]
[Annotator "ChessBase"]
[PlyCount "137"]
[EventDate "2022.07.13"]
[EventType "tourn"]
[EventCountry "ISR"]
[SourceTitle "playchess.com"]
[Source "ChessBase"]
[SourceQuality "1"]
[TimeControl "40/5400+30:1800+30"]

1. e4 c5 2. Nf3 e6 3. d4 cxd4 4. Nxd4 Nc6 5. Nc3 a6 6. Be3 Nf6 7. Bd3 Qc7 8. O-O Ne5 9. h3 Bc5 10. Qe2 d6 11. f4 Ng6 12. Qf2 O-O 13. Rae1 b6 14. Kh1 e5 15. fxe5 dxe5 16. Nf5 Bxe3 17. Qxe3 Nf4 18. g3 Bxf5 19. exf5 Nxd3 20. cxd3 Rad8 21. Qxe5 Qc6+ 22. Kh2 Rxd3 23. Ne4 Nxe4 24. Rxe4 Rd2+ 25. Re2 Qf6 26. Kg1 Qxe5 27. Rxe5 Rxb2 28. Rf2 Rxf2 29. Kxf2 Rd8 30. Re7 h6 31. Rb7 b5 32. Ke3 Rc8 33. a4 Rc3+ 34. Kf2 Rc5 35. Rb6 Rc2+ 36. Kf3 Rc3+ 37. Kf2 bxa4 38. Rxa6 a3 39. h4 Kf8 40. f6 gxf6 41. Rxf6 Kg7 42. Ra6 h5 43. Ra5 Kg6 44. Rg5+ Kh6 45. Rf5 Rc6 46. Ra5 Rc3 47. Rf5 a2 48. Rf6+ Kg7 49. Ra6 Rc2+ 50. Kf3 f6 51. Kf4 Kf7 52. Kf5 Rf2+ 53. Ke4 Ke7 54. Ke3 Rc2 55. Kf4 Kd7 56. Kf5 Kc7 57. Kg6 Kb7 58. Ra3 Kb6 59. Kxh5 Rc5+ 60. Kg6 Ra5 61. Rxa2 Rxa2 62. h5 Kc6 63. h6 Rh2 64. h7 Kd5 65. Kg7 Ke4 66. h8=Q Rxh8 67. Kxh8 Kf3 68. Kg7 Kxg3 69. Kxf6 1/2-1/2

[Event "21st Maccabiah GM 2022"]
[Site "?"]
[Date "2022.07.17"]
[Round "4.2"]
[White "Gruenfeld, Yehuda"]
[Black "Kobo, Ori"]
[Result "1/2-1/2"]
[ECO "C90"]
[WhiteElo "2426"]
[BlackElo "2534"]
[Annotator "ChessBase"]
[PlyCount "162"]
[EventDate "2022.07.13"]
[EventType "tourn"]
[EventCountry "ISR"]
[SourceTitle "playchess.com"]
[Source "ChessBase"]
[SourceQuality "1"]
[TimeControl "40/5400+30:1800+30"]

1. e4 e5 2. Nf3 Nc6 3. Bb5 a6 4. Ba4 Nf6 5. O-O Be7 6. d3 d6 7. c3 O-O 8. Nbd2 Re8 9. Re1 Bf8 10. Nf1 h6 11. Ng3 b5 12. Bb3 a5 13. a4 b4 14. Bc4 Rb8 15. Bb5 Bd7 16. Bd2 Na7 17. Bxd7 Qxd7 18. d4 c5 19. d5 Ra8 20. h3 Nc8 21. Be3 Nb6 22. Nd2 Reb8 23. cxb4 axb4 24. a5 Nc8 25. Nc4 Ra6 26. f4 exf4 27. Bxf4 Rba8 28. Qf3 Qd8 29. Nf5 Kh7 30. Rf1 R8a7 31. Rf2 Ng8 32. Bg3 g6 33. Bh4 Qe8 34. Nfe3 Bg7 35. Kh1 Rd7 36. Raf1 Na7 37. Ng4 Nb5 38. Qd3 Raa7 39. Nf6+ Nxf6 40. Bxf6 Bxf6 41. Rxf6 Re7 42. e5 dxe5 43. d6 Re6 44. d7 Rxd7 45. Qxd7 Qxd7 46. Rxf7+ Qxf7 47. Rxf7+ Kg8 48. Rb7 e4 49. Rxb5 e3 50. Nxe3 Rxe3 51. Rxc5 Re1+ 52. Kh2 Ra1 53. Rc6 Kg7 54. a6 h5 55. h4 Kh6 56. Rb6 Ra2 57. b3 Ra3 58. Rxb4 Rxa6 59. Rc4 Ra3 60. Rc3 Ra2 61. Rg3 Rb2 62. Kg1 g5 63. hxg5+ Kg6 64. Kh2 h4 65. Rc3 Kxg5 66. Kh3 Rb1 67. Kh2 Rb2 68. Rc5+ Kg4 69. Rc4+ Kg5 70. Rb4 Rb1 71. Rb8 Kg4 72. Rb7 Rb2 73. Rb4+ Kg5 74. Kg1 Kh5 75. Kf1 Kg5 76. Kg1 Kh5 77. Kh2 Kg5 78. Kh3 Rb1 79. Rg4+ Kf5 80. Kxh4 Rxb3 81. Rg8 Rb1 1/2-1/2

[Event "21st Maccabiah GM 2022"]
[Site "?"]
[Date "2022.07.17"]
[Round "4.3"]
[White "Postny, Evgeny"]
[Black "Smirin, Ilia"]
[Result "1/2-1/2"]
[ECO "E73"]
[WhiteElo "2564"]
[BlackElo "2601"]
[Annotator "ChessBase"]
[PlyCount "75"]
[EventDate "2022.07.13"]
[EventType "tourn"]
[EventCountry "ISR"]
[SourceTitle "playchess.com"]
[Source "ChessBase"]
[SourceQuality "1"]
[TimeControl "40/5400+30:1800+30"]

1. d4 Nf6 2. c4 g6 3. Nc3 Bg7 4. e4 d6 5. Be2 O-O 6. Be3 Nc6 7. Nf3 Ng4 8. Bg5 h6 9. Bh4 g5 10. Bg3 e5 11. d5 Nd4 12. Nxd4 exd4 13. Nb5 Nf6 14. f3 Nh5 15. Bf2 d3 16. Bxd3 Bxb2 17. Rb1 Be5 18. g3 Bg7 19. Nd4 c5 20. dxc6 bxc6 21. Nxc6 Bc3+ 22. Kf1 Bh3+ 23. Kg1 Qd7 24. Nd4 Ng7 25. Qc2 Ba5 26. Bf1 Bb6 27. g4 Bxf1 28. Kxf1 Rac8 29. Kg2 Ne6 30. Nxe6 Qxe6 31. Bxb6 Rxc4 32. Qd3 axb6 33. Rxb6 Ra8 34. Rxd6 Qc8 35. Kg3 Qc7 36. e5 Rxa2 37. Rd8+ Kg7 38. Qd6 1/2-1/2

[Event "21st Maccabiah GM 2022"]
[Site "?"]
[Date "2022.07.17"]
[Round "4.4"]
[White "Ginsburg, Gennadi"]
[Black "Tzidkiya, Yeshaayahu"]
[Result "0-1"]
[ECO "B33"]
[WhiteElo "2400"]
[BlackElo "2419"]
[Annotator "ChessBase"]
[PlyCount "71"]
[EventDate "2022.07.13"]
[EventType "tourn"]
[EventCountry "ISR"]
[SourceTitle "playchess.com"]
[Source "ChessBase"]
[SourceQuality "1"]
[TimeControl "40/5400+30:1800+30"]

1. e4 c5 2. Nf3 Nc6 3. d4 cxd4 4. Nxd4 Nf6 5. Nc3 e5 6. Ndb5 d6 7. Bg5 a6 8. Na3 b5 9. Nd5 Be7 10. Bxf6 Bxf6 11. c4 b4 12. Nc2 Rb8 13. h4 O-O 14. b3 Be6 15. g3 Bxd5 16. cxd5 Na5 17. Bxa6 Qb6 18. Qe2 g6 19. Bd3 Rfc8 20. Rd1 Rc3 21. Ne3 Nb7 22. Kf1 Nc5 23. Kg2 Bg7 24. h5 Qd8 25. Bb1 Qg5 26. Rh4 Bh6 27. Ng4 Bg7 28. Ne3 Bh6 29. Rdh1 Rxe3 30. Qxe3 Qxe3 31. fxe3 Bxe3 32. Kf3 Bg5 33. R4h2 f5 34. exf5 gxf5 35. h6 e4+ 36. Ke2 0-1

[Event "21st Maccabiah GM 2022"]
[Site "?"]
[Date "2022.07.17"]
[Round "4.5"]
[White "Yarmonov, Igor"]
[Black "Parkhov, Yair"]
[Result "*"]
[ECO "D08"]
[WhiteElo "2372"]
[BlackElo "2468"]
[Annotator "ChessBase"]
[PlyCount "116"]
[EventDate "2022.07.13"]
[EventType "tourn"]
[EventCountry "ISR"]
[SourceTitle "playchess.com"]
[Source "ChessBase"]
[SourceQuality "1"]
[TimeControl "40/5400+30:1800+30"]

1. d4 d5 2. c4 e5 3. dxe5 Ne7 4. cxd5 Qxd5 5. Qxd5 Nxd5 6. a3 Nc6 7. e4 Nb6 8. Nf3 Bc5 9. Bb5 Bd7 10. Nc3 O-O-O 11. O-O Nd4 12. Nxd4 Bxd4 13. Bxd7+ Nxd7 14. Nb5 Bb6 15. Bg5 Rde8 16. Rac1 Kb8 17. Be3 Rxe5 18. Bxb6 Nxb6 19. Nc3 Rd8 20. Rfd1 Kc8 21. f4 Rxd1+ 22. Rxd1 Re6 23. b3 Nd7 24. b4 Nb6 25. Kf2 Rc6 26. Rd3 a6 27. Kf3 Rd6 28. Rxd6 cxd6 29. Ke2 Nc4 30. a4 a5 31. bxa5 Nxa5 32. Kd3 Kd7 33. Kd4 Kc6 34. Nd5 Nb3+ 35. Kc4 Nc5 36. Nc3 Nxe4 37. Nxe4 d5+ 38. Kd4 dxe4 39. Kxe4 Kc5 40. f5 Kb4 41. Ke5 Kxa4 42. Kd6 b5 43. Ke7 f6 44. Kf7 b4 45. Kxg7 b3 46. Kxh7 b2 47. Kg6 b1=Q 48. Kxf6 Qb2+ 49. Ke6 Qe2+ 50. Kf7 Qc4+ 51. Kf6 Kb5 52. h3 Kc6 53. g4 Qc3+ 54. Ke6 Qe3+ 55. Kf6 Qh6+ 56. Ke7 Qh7+ 57. Kf6 Kd7 58. g5 Kd8 *

[Event "21st Maccabiah GM 2022"]
[Site "?"]
[Date "2022.07.17"]
[Round "4.6"]
[White "Yarmonov, Igor"]
[Black "Parkhov, Yair"]
[Result "1/2-1/2"]
[ECO "D94"]
[WhiteElo "2372"]
[BlackElo "2468"]
[Annotator "ChessBase"]
[PlyCount "127"]
[EventDate "2022.07.13"]
[EventType "tourn"]
[EventCountry "ISR"]
[SourceTitle "playchess.com"]
[Source "ChessBase"]
[SourceQuality "1"]
[TimeControl "40/5400+30:1800+30"]

1. d4 Nf6 2. c4 g6 3. Nc3 d5 4. Nf3 Bg7 5. e3 O-O 6. Be2 dxc4 7. Bxc4 c5 8. O-O Nbd7 9. h3 e6 10. Qe2 a6 11. a4 b6 12. Rd1 Qc7 13. d5 exd5 14. Bxd5 Bb7 15. Bxb7 Qxb7 16. Bd2 Rfe8 17. Be1 Rab8 18. b3 Re6 19. Ra2 h6 20. Nd2 b5 21. axb5 axb5 22. Ra5 Rb6 23. f3 Ne5 24. Nde4 Nxe4 25. Nxe4 c4 26. bxc4 Nxc4 27. Ra2 Qe7 28. Rb1 f5 29. Bb4 Qf7 30. Nc5 Nxe3 31. Rd2 Nd5 32. Ba5 Re8 33. Qd3 Nf4 34. Qb3 Qxb3 35. Rxb3 Rc6 36. Nd3 Ne2+ 37. Kf1 Nd4 38. Rb1 g5 39. Bb4 f4 40. Bc5 Nf5 41. Bf2 Rd8 42. Rxb5 Ne3+ 43. Ke2 Nxg2 44. Nc5 Re8+ 45. Ne4 Re7 46. Rbd5 Rc1 47. Rd1 Rc2+ 48. R5d2 Rxd2+ 49. Rxd2 Rb7 50. Rd3 Rb1 51. Rd1 Rb2+ 52. Rd2 Rb4 53. Rd3 Be5 54. Kf1 Ne3+ 55. Bxe3 Rb1+ 56. Kg2 fxe3 57. Rxe3 Bf4 58. Re2 Kg7 59. Nf2 h5 60. Nd3 Kf6 61. Nxf4 gxf4 62. h4 Rb7 63. Ra2 Re7 64. Kf2 1/2-1/2